PA
COLUMBIA RIVER RATS @ GWINNETT COUNTY BLACK CATS
08/18/2026
 
TOP OF THE 1ST
Columbia River Rats batting - Pitching for Gwinnett County Black Cats : RHP Jeff Greer
Pitching: RHP Jeff Greer
Batting: RHB Víctor Hernández 0-0: Ball
1-0: Ball
2-0: Foul Ball, location: 2F
2-1: Called Strike
2-2: Foul Ball, location: 2F
2-2: SINGLE (Line Drive, 78S)
Batting: RHB Mario Jacome 0-0: Ball
1-0: Called Strike
1-1: Ball
2-1: Ball
3-1: Called Strike
3-2: Strikes out looking
Batting: RHB JoJo Victory 0-0: Ball
1-0: Ball
2-0: DOUBLE (Line Drive, 78D)
Víctor Hernández to third
Runner from 3rd tries for Home, SAFE, throw made home
Batting: SHB Robert Hillier 0-0: Ball
1-0: Ball
2-0: Ground out 5-3 (Groundball, 56)
Batting: RHB Paco Muñóz 0-0: Ball
1-0: Ball
2-0: Ball
3-0: Called Strike
3-1: Called Strike
3-2: Fly out, F8 (Flyball, 8RM)
Top of the 1st over - 1 run(s), 2 hit(s), 0 error(s), 1 left on base; Columbia 1 - Gwinnett County 0
BOTTOM OF THE 1ST
Gwinnett County Black Cats batting - Pitching for Columbia River Rats : RHP Chris Plummerton
Pitching: RHP Chris Plummerton
Batting: RHB Sidney Mackell 0-0: Called Strike
0-1: Ball
1-1: Swinging Strike
1-2: Strikes out looking
Batting: LHB Darrell Woodmansee 0-0: Called Strike
0-1: Fly out, F7 (Flyball, 7)
Batting: SHB Ted Tullo 0-0: Ball
1-0: Swinging Strike
1-1: Fly out, F9 (Flyball, 89D)
Bottom of the 1st over - 0 run(s), 0 hit(s), 0 error(s), 0 left on base; Columbia 1 - Gwinnett County 0
TOP OF THE 2ND
Columbia River Rats batting - Pitching for Gwinnett County Black Cats : RHP Jeff Greer
Batting: RHB Richard Blackburn 0-0: Foul Ball, location: 2F
0-1: Ball
1-1: Called Strike
1-2: Strikes out swinging
Batting: RHB Miguel Delgado 0-0: Foul Ball, location: 2F
0-1: Ground out 6-3 (Groundball, 6)
Batting: RHB Fernando Arévalo 0-0: Ball
1-0: Ball
2-0: Ball
3-0: Base on Balls
Batting: RHB Bill Tan 0-0: Called Strike
0-1: Ball
1-1: Ball
2-1: Ball
3-1: Base on Balls
Fernando Arévalo to second
Batting: RHB Víctor Hernández 0-0: Ball
1-0: Ball
2-0: Reached on error, E5 (Groundball, 5S)
Fernando Arévalo scores
Bill Tan to third
Batting: RHB Mario Jacome 0-0: Ball
1-0: Called Strike
1-1: Foul Ball, location: 2F
1-2: Ball
2-2: Ball
3-2: Foul Ball, location: 2F
3-2: Foul Ball, location: 2F
3-2: SINGLE (Line Drive, 8LS)
Bill Tan scores
Víctor Hernández to third
Víctor Hernández scores
Batting: RHB JoJo Victory 0-0: Ball
1-0: Foul Ball, location: 2F
1-1: Foul Ball, location: 2F
1-2: Ball
2-2: SINGLE (Line Drive, 4)
Mario Jacome to second
Batting: SHB Robert Hillier 0-0: Foul Ball, location: 2F
0-1: Ball
1-1: DOUBLE (Flyball, 89M)
Mario Jacome scores
JoJo Victory to third
Runner from 3rd tries for Home, SAFE, no throw
Batting: RHB Paco Muñóz 0-0: Ball
1-0: Foul Ball, location: 2F
1-1: Ball
2-1: Ball
3-1: Swinging Strike
3-2: Fly out, F7 (Flyball, 78S)
Top of the 2nd over - 5 run(s), 3 hit(s), 1 error(s), 1 left on base; Columbia 6 - Gwinnett County 0
BOTTOM OF THE 2ND
Gwinnett County Black Cats batting - Pitching for Columbia River Rats : RHP Chris Plummerton
Batting: SHB Melito Báez 0-0: Ball
1-0: Called Strike
1-1: Foul Ball, location: 2F
1-2: Strikes out looking
Batting: RHB Sameen Shaw 0-0: Ground out 6-3 (Groundball, 6)
Batting: RHB Chang-lit Min 0-0: Ball
1-0: Ground out U3 (Groundball, 34)
Bottom of the 2nd over - 0 run(s), 0 hit(s), 0 error(s), 0 left on base; Columbia 6 - Gwinnett County 0
TOP OF THE 3RD
Columbia River Rats batting - Pitching for Gwinnett County Black Cats : RHP Jeff Greer
Batting: RHB Richard Blackburn 0-0: Called Strike
0-1: Reached on error, E5 (Groundball, 56)
Batting: RHB Miguel Delgado 0-0: Ball
1-0: Swinging Strike
1-1: Foul Ball, location: 2F
1-2: Grounds into double play, 6-4-3 (Groundball, 6)
Batting: RHB Fernando Arévalo 0-0: Ball
1-0: Ball
2-0: Ball
3-0: Called Strike
3-1: Called Strike
3-2: Foul Ball, location: 2F
3-2: Reached on error, E5 (Groundball, 5)
Batting: RHB Bill Tan 0-0: Called Strike
Fernando Arévalo steals 2nd base
0-1: Foul Ball, location: 2F
0-2: Foul Ball, location: 2F
0-2: Foul Ball, location: 2F
0-2: 2-RUN HOME RUN (Flyball, 78D), Distance : 427 ft
Batting: RHB Víctor Hernández 0-0: DOUBLE (Groundball, 5L)
Pitching: RHP Sonny Rubalcaba
Batting: RHB Mario Jacome 0-0: Ball
1-0: Foul Ball, location: 2F
1-1: Foul Ball, location: 2F
1-2: Ball
2-2: Ball
3-2: Base on Balls
Batting: RHB JoJo Victory 0-0: Ball
1-0: TRIPLE (Flyball, 7LM)
Víctor Hernández scores
Mario Jacome scores
Batting: SHB Robert Hillier 0-0: Ball
1-0: Swinging Strike
1-1: Ball
2-1: Swinging Strike
2-2: Foul Ball, location: 2F
2-2: Fly out, F8 (Line Drive, 78M)
Top of the 3rd over - 4 run(s), 3 hit(s), 2 error(s), 1 left on base; Columbia 10 - Gwinnett County 0
BOTTOM OF THE 3RD
Gwinnett County Black Cats batting - Pitching for Columbia River Rats : RHP Chris Plummerton
Batting: LHB Ramón Vega 0-0: Ball
1-0: Ball
2-0: Fly out, F7 (Flyball, 7S)
Batting: RHB Rikky van Opel 0-0: Called Strike
0-1: Ball
1-1: Ground out 1-3 (Groundball, 15S)
Batting: RHB Edgar Balerio 0-0: Ball
1-0: Swinging Strike
1-1: Foul Ball, location: 2F
1-2: Strikes out swinging
Bottom of the 3rd over - 0 run(s), 0 hit(s), 0 error(s), 0 left on base; Columbia 10 - Gwinnett County 0
TOP OF THE 4TH
Columbia River Rats batting - Pitching for Gwinnett County Black Cats : RHP Sonny Rubalcaba
Batting: RHB Paco Muñóz 0-0: Ball
1-0: Called Strike
1-1: Foul Ball, location: 2F
1-2: Strikes out swinging, 2-3 out at first.
Batting: RHB Richard Blackburn 0-0: Called Strike
0-1: Ball
1-1: Swinging Strike
1-2: Foul Ball, location: 2F
1-2: Ball
2-2: Ball
3-2: Strikes out swinging
Batting: RHB Miguel Delgado 0-0: Swinging Strike
0-1: Ball
1-1: Foul Ball, location: 2F
1-2: Fly out, F8 (Line Drive, 8LM)
Top of the 4th over - 0 run(s), 0 hit(s), 0 error(s), 0 left on base; Columbia 10 - Gwinnett County 0
BOTTOM OF THE 4TH
Gwinnett County Black Cats batting - Pitching for Columbia River Rats : RHP Chris Plummerton
Batting: RHB Sidney Mackell 0-0: Ball
1-0: Foul Ball, location: 2F
1-1: Fly out, F6 (Popup, 56)
Batting: LHB Darrell Woodmansee 0-0: Ground out 4-3 (Groundball, 4M)
Batting: SHB Ted Tullo 0-0: Called Strike
0-1: Foul Ball, location: 2F
0-2: Strikes out swinging, 2-3 out at first.
Bottom of the 4th over - 0 run(s), 0 hit(s), 0 error(s), 0 left on base; Columbia 10 - Gwinnett County 0
TOP OF THE 5TH
Columbia River Rats batting - Pitching for Gwinnett County Black Cats : RHP Sonny Rubalcaba
Batting: RHB Fernando Arévalo 0-0: Fly out, F9 (Flyball, 89D)
Batting: RHB Bill Tan 0-0: Ball
1-0: Called Strike
1-1: Ball
2-1: SINGLE (Line Drive, 4MD)
Batting: RHB Víctor Hernández 0-0: Called Strike
0-1: Ball
1-1: Ball
2-1: Swinging Strike
2-2: Ball
3-2: Strikes out swinging
Bill Tan steals 2nd base
Batter strikes out.
Batting: RHB Mario Jacome 0-0: Called Strike
0-1: Fly out, F8 (Line Drive, 8LM)
Top of the 5th over - 0 run(s), 1 hit(s), 0 error(s), 1 left on base; Columbia 10 - Gwinnett County 0
BOTTOM OF THE 5TH
Gwinnett County Black Cats batting - Pitching for Columbia River Rats : RHP Chris Plummerton
Batting: SHB Melito Báez 0-0: Ball
1-0: Foul Ball, location: 2F
1-1: Foul Ball, location: 2F
1-2: Strikes out swinging, 2-3 out at first.
Batting: RHB Sameen Shaw 0-0: Ball
1-0: Called Strike
1-1: Swinging Strike
1-2: SINGLE (Groundball, 4MD)
Batting: RHB Chang-lit Min 0-0: Swinging Strike
0-1: Called Strike
0-2: Ball
1-2: Fly out, F6 (Line Drive, 6M)
Batting: LHB Ramón Vega 0-0: Ball
Sameen Shaw steals 2nd base
1-0: Ball
2-0: Foul Ball, location: 2F
2-1: Swinging Strike
2-2: Foul Ball, location: 2F
2-2: Ground out 4-3 (Groundball, 4)
Bottom of the 5th over - 0 run(s), 1 hit(s), 0 error(s), 1 left on base; Columbia 10 - Gwinnett County 0
TOP OF THE 6TH
Columbia River Rats batting - Pitching for Gwinnett County Black Cats : RHP Sonny Rubalcaba
Batting: RHB JoJo Victory 0-0: DOUBLE (Line Drive, 7)
Batting: SHB Robert Hillier 0-0: Ball
1-0: Ball
2-0: Ball
3-0: Called Strike
3-1: Fly out, F7 (Flyball, 7LM)
Batting: RHB Paco Muñóz 0-0: Ball
1-0: Called Strike
1-1: Ball
2-1: Ball
3-1: Fly out, F7 (Flyball, 78M)
Batting: RHB Richard Blackburn 0-0: Ball
1-0: Fly out, F7 (Line Drive, 7)
Top of the 6th over - 0 run(s), 1 hit(s), 0 error(s), 1 left on base; Columbia 10 - Gwinnett County 0
BOTTOM OF THE 6TH
Gwinnett County Black Cats batting - Pitching for Columbia River Rats : RHP Chris Plummerton
Batting: RHB Rikky van Opel 0-0: Ball
1-0: Ball
2-0: Called Strike
2-1: Foul Ball, location: 2F
2-2: Fly out, F8 (Flyball, 8LM)
Batting: RHB Edgar Balerio 0-0: Called Strike
0-1: Called Strike
0-2: Ball
1-2: Strikes out looking
Batting: RHB Sidney Mackell 0-0: Swinging Strike
0-1: Called Strike
0-2: Ball
1-2: Ball
2-2: Ground out 6-3 (Groundball, 6)
Bottom of the 6th over - 0 run(s), 0 hit(s), 0 error(s), 0 left on base; Columbia 10 - Gwinnett County 0
TOP OF THE 7TH
Columbia River Rats batting - Pitching for Gwinnett County Black Cats : RHP Sonny Rubalcaba
Batting: RHB Miguel Delgado 0-0: Ball
1-0: Ball
2-0: Called Strike
2-1: Fly out, F9 (Flyball, 9S)
Pitching: RHP Nick Fowler
Batting: RHB Fernando Arévalo 0-0: Ball
1-0: Swinging Strike
1-1: Called Strike
1-2: Ball
2-2: Foul Ball, location: 2F
2-2: Ball
3-2: Base on Balls
Batting: RHB Bill Tan 0-0: Ball
1-0: Called Strike
1-1: Ball
2-1: Foul Ball, location: 2F
2-2: Ball
3-2: Base on Balls
Fernando Arévalo to second
Batting: RHB Víctor Hernández 0-0: Called Strike
0-1: Foul Ball, location: 2F
0-2: Ball
1-2: Ball
2-2: Fly out, F7 (Flyball, 78S)
Batting: RHB Mario Jacome 0-0: Called Strike
0-1: Foul Ball, location: 2F
0-2: Strikes out looking
Top of the 7th over - 0 run(s), 0 hit(s), 0 error(s), 2 left on base; Columbia 10 - Gwinnett County 0
BOTTOM OF THE 7TH
Gwinnett County Black Cats batting - Pitching for Columbia River Rats : RHP Chris Plummerton
Batting: LHB Darrell Woodmansee 0-0: Called Strike
0-1: Fly out, F7 (Flyball, 78S)
Batting: SHB Ted Tullo 0-0: Ball
1-0: Foul Ball, location: 2F
1-1: Swinging Strike
1-2: Foul Ball, location: 2F
1-2: Strikes out looking
Batting: SHB Melito Báez 0-0: Called Strike
0-1: Foul Ball, location: 2F
0-2: Fly out, F7 (Flyball, 7S)
Bottom of the 7th over - 0 run(s), 0 hit(s), 0 error(s), 0 left on base; Columbia 10 - Gwinnett County 0
TOP OF THE 8TH
Columbia River Rats batting - Pitching for Gwinnett County Black Cats : RHP Nick Fowler
Batting: RHB JoJo Victory 0-0: Ball
1-0: Foul Ball, location: 2F
1-1: Ball
2-1: Fly out, F7 (Flyball, 78D)
Batting: SHB Robert Hillier 0-0: Ball
1-0: Ball
2-0: Ball
3-0: Called Strike
3-1: Called Strike
3-2: Foul Ball, location: 2F
3-2: Strikes out swinging
Batting: RHB Paco Muñóz 0-0: Swinging Strike
0-1: Ball
1-1: Swinging Strike
1-2: Strikes out swinging
Top of the 8th over - 0 run(s), 0 hit(s), 0 error(s), 0 left on base; Columbia 10 - Gwinnett County 0
BOTTOM OF THE 8TH
Gwinnett County Black Cats batting - Pitching for Columbia River Rats : RHP Chris Plummerton
Now in CF: Yves Girard
Batting: RHB Sameen Shaw 0-0: Ball
1-0: Ball
2-0: Ball
3-0: Called Strike
3-1: Fly out, F6 (Flyball, 56D)
Batting: RHB Chang-lit Min 0-0: Called Strike
0-1: Foul Ball, location: 2F
0-2: Ball
1-2: Ball
2-2: Strikes out swinging
Batting: LHB Ramón Vega 0-0: Foul Ball, location: 2F
0-1: Called Strike
0-2: Ball
1-2: Strikes out looking
Bottom of the 8th over - 0 run(s), 0 hit(s), 0 error(s), 0 left on base; Columbia 10 - Gwinnett County 0
TOP OF THE 9TH
Columbia River Rats batting - Pitching for Gwinnett County Black Cats : RHP Nick Fowler
Batting: RHB Richard Blackburn 0-0: Called Strike
0-1: Foul Ball, location: 2F
0-2: Strikes out swinging
Batting: RHB Miguel Delgado 0-0: Called Strike
0-1: SINGLE (Line Drive, 6)
Batting: RHB Fernando Arévalo 0-0: Called Strike
Miguel Delgado steals 2nd base
0-1: Ground out 4-3 (Groundball, 4)
Miguel Delgado to third
Batting: RHB Bill Tan 0-0: Called Strike
0-1: Foul Ball, location: 2F
0-2: Strikes out swinging
Top of the 9th over - 0 run(s), 1 hit(s), 0 error(s), 1 left on base; Columbia 10 - Gwinnett County 0
BOTTOM OF THE 9TH
Gwinnett County Black Cats batting - Pitching for Columbia River Rats : RHP Chris Plummerton
Now at SS: Gil Simmons
Batting: RHB Rikky van Opel 0-0: Called Strike
0-1: Foul Ball, location: 2F
0-2: Ground out 3-1 (Groundball, 34)
Batting: RHB Edgar Balerio 0-0: Ball
1-0: Ball
2-0: Foul Ball, location: 2F
2-1: Ball
3-1: Foul Ball, location: 2F
3-2: Foul Ball, location: 2F
3-2: Fly out, F8 (Flyball, 8LM)
Batting: RHB Sidney Mackell 0-0: Ground out 6-3 (Groundball, 6)
Bottom of the 9th over - 0 run(s), 0 hit(s), 0 error(s), 0 left on base; Columbia 10 - Gwinnett County 0
Monday, March 20th, 2017 - OOTP Baseball 17.12 Build 75